 Dungeon Crawl Stone Soup version 0.31-a0-845-g9abc20d24f (webtiles) character file.

Game seed: 8635455543406991660

20371 croobank the Unseen (level 12, -9/58 HPs)
             Began as a Felid Delver on Oct 2, 2023.
             Was an Initiate of Gozag.
             Mangled by a seven-headed hydra (11 damage)
             ... on level 2 of the Lair of Beasts on Oct 3, 2023.
             The game lasted 01:35:45 (16481 turns).

croobank the Unseen (Felid Delver)                 Turns: 16481, Time: 01:35:46

Health: -9/58      AC:  3    Str: 14    XL:     12   Next: 44%
Magic:  0/21       EV: 28    Int: 14    God:    Gozag
Gold:   440        SH:  0    Dex: 13    Spells: 10/22 levels left
                                        Lives:  0   Deaths: 4

rFire   + .          .
                       - Unarmed
rCold   + + .        (shield unavailable)
rNeg    . . .        (body armour unavailable)
rPois   .            (helmet unavailable)
rElec   .            (cloak unavailable)
rCorr   +            (gloves unavailable)
SInv    +            (boots unavailable)
Will    +....        p - amulet of guardian spirit
Stlth   ++++++       z - +5 ring of evasion
HPRegen 0.29/turn    G - ring of Wifutuch {rF+ rC+ rCorr Str+4 Dex-5}
MPRegen 0.17/turn

%: guardian spirit
@: gold aura, studying Stealth, quick
A: very small, claws 1, fangs 3, see invisible, speed 1, shaggy fur 3, stealthy
paws, no weapons or thrown items, no armour, multi-lived
a: Renounce Religion, Potion Petition, Call Merchant, Bribe Branch


You were on level 2 of the Lair of Beasts.
You worshipped Gozag.
Gozag was aware of your devotion.
You visited 3 branches of the dungeon, and saw 15 of its levels.

You collected 2299 gold pieces.
You spent 84 gold pieces at shops.
You paid 1775 gold pieces to Gozag.

Inventory:

Jewellery
 b - a ring of wizardry
 h - a ring of fire
 k - a ring of wizardry
 p - an amulet of guardian spirit (around neck)
 s - a ring of magical power
 z - a +5 ring of evasion (left paw)
 A - a ring of wizardry
 B - a ring of magical power
 E - a +6 ring of intelligence
 G - the ring of Wifutuch (right paw) {rF+ rC+ rCorr Str+4 Dex-5}
   (You found it on level 1 of the Lair of Beasts)

   [ring of protection from cold]

   Str+4:     It affects your strength (+4).
   Dex-5:     It affects your dexterity (-5).
   rF+:       It protects you from fire.
   rC+:       It protects you from cold.
   rCorr:     It protects you from acid and corrosion.
 J - a ring of positive energy
Talismans
 q - a serpent talisman
 u - a maw talisman
Wands
 e - a wand of digging (9)
 g - a wand of iceblast (5)
 n - a wand of paralysis (4)
 v - a wand of flame (3)
Scrolls
 a - 2 scrolls of fog
 d - a scroll of noise
 f - 4 scrolls of teleportation
 t - a scroll of vulnerability
 y - a scroll of silence
 D - a scroll of blinking
 H - a scroll of fear
 I - a scroll of amnesia
Potions
 c - 11 potions of ambrosia
 i - 3 potions of brilliance
 j - a potion of mutation
 l - a potion of attraction
 m - 3 potions of enlightenment
 o - 4 potions of heal wounds
 r - a potion of invisibility
 w - 4 potions of lignification {unknown}
 x - a potion of might
 C - a potion of haste
 F - a potion of curing


   Skills:
 + Level 9.9 Fighting
 + Level 12.3 Dodging
 + Level 17.2 Stealth
 + Level 9.6 Unarmed Combat
 * Level 5.7 Spellcasting
 + Level 3.0 Conjurations
 * Level 9.3 Hexes


You had 10 spell levels left.
You knew the following spells:

 Your Spells              Type           Power      Damage    Failure   Level
a - Confusing Touch       Hex            30%        N/A       1%          3
b - Apportation           Tloc           8%         N/A       16%         1
c - Blink                 Tloc           8%         N/A       24%         2
d - Dazzling Flash        Conj/Hex       42%        N/A       3%          3
e - Swiftness             Air            4%         N/A       43%         3

Your spell library contained the following spells:

 Spells                   Type           Power      Damage    Failure   Level
 Slow                     Hex            100%       N/A       1%          1
 Sigil of Binding         Hex            30%        N/A       1%          3
 Tukima's Dance           Hex            30%        N/A       1%          3
 Necrotise                Necr           16%        1d4       16%         1
 Sting                    Tmut/Pois      16%        1d3       16%         1
 Summon Small Mammal      Summ           16%        N/A       16%         1
 Leda's Liquefaction      Hex/Erth       8%         N/A       24%         4
 Vampiric Draining        Necr           4%         2d6       43%         3
 Volatile Blastmotes      Fire/Tloc      8%         2d10      43%         3
 Yara's Violent Unravell  Hex/Tmut       8%         3d5       54%         5
 Manifold Assault         Tloc           4%         N/A       85%         4
 Passage of Golubria      Tloc           4%         N/A       85%         4
 Vhi's Electric Charge    Tloc/Air       8%         N/A       85%         4
 Lee's Rapid Deconstruct  Erth           2%         3d4*      99%         5
 Bombard                  Conj/Erth      4%         9d2       100%        6
 Eringya's Noxious Bog    Tmut/Pois      2%         4d6       100%        6
 Starburst                Conj/Fire      4%         6d3       100%        6
 Maxwell's Capacitive Co  Air            2%         ∞         100%        8


Dungeon Overview and Level Annotations

Branches:
Dungeon (12/15)            Temple (1/1) D:7            Lair (2/5) D:11
  Swamp: Lair:2-3    Shoals: Lair:2-3     Snake: Lair:2-3    Spider: Lair:2-3
    Orc: D:9-12

Altars:
Ashenzari
Cheibriados
Dithmenos
Elyvilon
Fedhas
Gozag
Hepliaklqana
Kikubaaqudgha
Makhleb
Nemelex Xobeh
Okawaru
Qazlal
Ru
Sif Muna
Trog
Uskayaw
Vehumet
Wu Jian
Xom
Yredelemnul
Zin
The Shining One

Shops:
D:10 ?   Lair:1 *

Annotations:
D:3 3 runed translucent doors, pigah's ghost, amateur OpSh
D:9 2 transporters, Newt's ghost, novice MfGl
D:11 exclusion: downstairs
D:12 !Azrael, Azrael


Innate Abilities, Weirdness & Mutations

You have sharp claws.
You have razor-sharp teeth.
You have supernaturally acute eyesight. (SInv)
You cover ground quickly. (Speed+)
Your thick and shaggy fur keeps you warm. (AC +3, rC+)
Your paws help you pounce on unaware monsters.
You are incapable of wielding weapons or throwing items.
You cannot wear armour.
You gain extra lives every three experience levels.


Message History

The rime drake is lightly wounded.
The rime drake bites you.
You scratch the rime drake but do no damage.
The rime drake is lightly wounded.
The rime drake completely misses you.
Casting: Confusing Touch (safe; 1% risk of failure)
Confirm with . or Enter, or press ? or * to list all spells.
Okay, then.
You scratch the rime drake but do no damage.
The rime drake appears confused.
You bite the rime drake.
The rime drake is lightly wounded.
You mangle the rime drake!!
The rime drake is severely wounded.
The rime drake bites the plant.
The plant begins to die.
You scratch the rime drake. Your bite misses the rime drake.
The rime drake is almost dead.
The rime drake misses you.
You barely miss the rime drake. You claw the rime drake.
The rime drake is almost dead.
You scratch the rime drake.
You kill the rime drake!
A nearby plant withers and dies.
The seven-headed hydra roars!
You claw the seven-headed hydra!
The seven-headed hydra is lightly wounded.
A redback comes into view.
The seven-headed hydra attacks as it pursues you!
The seven-headed hydra barely misses you.
The seven-headed hydra bites you but does no damage.
The seven-headed hydra misses you. The seven-headed hydra bites you! x2
The seven-headed hydra misses you. The seven-headed hydra bites you!
The seven-headed hydra attacks as it pursues you!
The seven-headed hydra bites you. The seven-headed hydra misses you.
The seven-headed hydra bites you!
* * * LOW HITPOINT WARNING * * *
The seven-headed hydra misses you. The seven-headed hydra bites you!
* * * LOW HITPOINT WARNING * * *
The seven-headed hydra bites you!
You die...
Your body crumbles into a pile of gold.

...#..#.#.......#
...............#
..........#...#
#.#...#...##...#
...........#..#
.#.....##...####.
#...>.#..........
#....#D...#.........
#....##.@..##...P##..
.s.... #$..###..### .#..
..... ##.......P#
.......
..##..###.......##
#.....# . #........#...#
#..#..#
#..........#..####.....#
....###..#.#..##PP.....#
... #....##...........#
.. ##.............P..#


You could see a seven-headed hydra.

Vanquished Creatures
  Josephine (D:11)
  2 boulder beetles
  3 two-headed ogres
  Pikel (D:8)
  An oklob plant (Lair:1)
  2 cyclopes (D:12)
  A manticore (D:11)
  An elephant (D:11)
  Maurice (D:8)
  A black mamba (Lair:1)
  5 cane toads
  3 rime drakes
  5 komodo dragons
  A troll (D:12)
  Grinder (D:6)
  A queen bee (D:11)
  A hornet (D:9)
  3 blink frogs (Lair:1)
  7 yaks
  6 wraiths
  3 wyverns
  A fire elemental (D:11)
  2 vampire mosquitoes (D:11)
  2 steam dragons
  8 water moccasins
  An ice beast (D:6)
  2 sky beasts
  2 black bears
  2 ogres
  7 centaurs
  A lemure (D:8)
  2 kobold brigands
  2 phantoms
  2 scorpions
  5 bullfrogs
  10 wights
  32 killer bees
  4 electric eels (D:10)
  4 howler monkeys
  A hound (D:5)
  An orc priest (D:6)
  3 iguanas
  2 sleepcaps
  6 hell rats (Lair:1)
  9 orc wizards
  A scorpion zombie (D:3)
  13 adders
  5 gnolls (D:4)
  4 river rats (Lair:1)
  2 worms (D:2)
  A dart slug (D:3)
  36 orcs
  8 endoplasms
  2 giant cockroaches (D:1)
  7 goblins
  4 hobgoblins
  7 jackals (D:4)
  A quokka (D:4)
  10 ball pythons
  8 bats
  4 frilled lizards
  A giant cockroach zombie (D:3)
  12 kobolds
  10 rats
297 creatures vanquished.

Vanquished Creatures (collateral kills)
  A centaur (D:7)
  A white imp (D:7)
  An orc (D:7)
3 creatures vanquished.

Vanquished Creatures (others)
  A basilisk (D:11)
  2 killer bees (D:11)
3 creatures vanquished.

Grand Total: 303 creatures vanquished

Notes
Turn   | Place    | Note
-------+----------+-------------------------------------------
     0 | D:5      | croobank the Felid Delver began the quest for the Orb.
     0 | D:5      | Reached XP level 1. HP: 10/10 MP: 2/2
     8 | D:5      | Found a broken altar of Ashenzari.
    31 | D:6      | Noticed a scorpion
    38 | D:6      | Killed a scorpion
    38 | D:6      | Noticed a bullfrog
    39 | D:6      | Reached skill level 7 in Stealth
    39 | D:6      | Reached XP level 2. HP: 14/14 MP: 3/3
    39 | D:6      | Reached XP level 3. HP: 17/17 MP: 4/4
    64 | D:6      | Slain by a bullfrog
    69 | D:6      | Noticed a water moccasin
    71 | D:6      | Killed a water moccasin
    72 | D:6      | Reached XP level 4. HP: 22/22 MP: 5/5
    72 | D:6      | Reached XP level 5. HP: 25/25 MP: 6/6
   205 | D:6      | Noticed an ice beast
   224 | D:6      | Noticed an ogre
   254 | D:5      | Reached skill level 8 in Stealth
   254 | D:5      | Gained mutation: You are covered in thick fur. (AC +2)
                  | [Felid growth]
   254 | D:5      | Reached XP level 6. HP: 10/28 MP: 7/7
   258 | D:5      | Reached skill level 5 in Dodging
   372 | D:4      | HP: 1/29 [iguana (3)]
   377 | D:4      | Slain by an iguana
   544 | D:4      | Found an iron altar of Okawaru.
  1843 | D:2      | Reached XP level 7. HP: 33/33 MP: 8/8
  2460 | D:3      | Found a runed translucent gate.
  2460 | D:3      | Found a runed translucent gate.
  2460 | D:3      | Found a runed translucent gate.
  2460 | D:3      | Noticed pigah's ghost (amateur OpSh)
  2462 | D:3      | Found a basalt altar of Yredelemnul.
  3322 | D:4      | Reached skill level 5 in Fighting
  4476 | D:5      | Reached skill level 9 in Stealth
  5267 | D:6      | Slain by an ogre
  5301 | D:6      | Found a shimmering altar of Xom.
  5324 | D:6      | Reached skill level 5 in Unarmed Combat
  5324 | D:6      | Reached XP level 8. HP: 37/37 MP: 9/9
  5710 | D:6      | Noticed Grinder
  5752 | D:6      | Killed Grinder
  5753 | D:6      | Reached skill level 10 in Stealth
  7032 | D:6      | Reached XP level 9. HP: 42/42 MP: 10/10
  7283 | D:7      | Got a lithographed book
  7352 | D:7      | Found a staircase to the Ecumenical Temple.
  7379 | Temple   | Entered the Ecumenical Temple
  7398 | Temple   | Became a worshipper of Gozag Ym Sagoz the Greedy
  7466 | D:7      | Identified a scroll of acquirement
  7466 | D:7      | Acquired a manual of Stealth
  7682 | D:7      | Reached skill level 11 in Stealth
  8386 | D:8      | Noticed Maurice
  8389 | D:8      | Reached skill level 12 in Stealth
  8408 | D:8      | Maurice stole a serpent talisman
  8409 | D:8      | Maurice stole a ring of fire
  8419 | D:8      | Killed Maurice
  9017 | D:8      | Noticed Pikel
  9033 | D:8      | Killed Pikel
  9034 | D:8      | Reached skill level 13 in Stealth
  9034 | D:8      | Reached XP level 10. HP: 48/48 MP: 11/11
  9260 | D:9      | Reached skill level 10 in Dodging
  9273 | D:9      | Noticed Newt's ghost (novice MfGl)
  9284 | D:9      | Found a transporter.
  9302 | D:9      | Found a transporter.
 10058 | D:10     | Entered Level 10 of the Dungeon
 10160 | D:10     | Learned a level 3 spell: Confusing Touch
 10326 | D:10     | Reached skill level 14 in Stealth
 10357 | D:10     | Found a transporter.
 10360 | D:10     | Found Soapnyra's Magic Scroll Boutique.
 10496 | D:10     | Noticed a two-headed ogre
 10500 | D:10     | Killed a two-headed ogre
 10574 | D:10     | Reached skill level 15 in Stealth
 11020 | D:10     | Reached skill level 1 in Hexes
 11230 | D:10     | Found a transporter.
 11326 | D:11     | Reached skill level 1 in Spellcasting
 11378 | D:11     | Learned a level 1 spell: Apportation
 11479 | D:11     | Noticed a two-headed ogre
 11524 | D:11     | Killed a two-headed ogre
 11626 | D:11     | Noticed a manticore
 11670 | D:11     | Noticed an elephant
 11685 | D:11     | Killed an elephant
 11694 | D:11     | Reached XP level 11. HP: 31/52 MP: 2/15
 11829 | D:11     | Found a staircase to the Lair.
 12295 | D:11     | Noticed a boulder beetle
 12399 | D:11     | Killed a boulder beetle
 12423 | D:11     | Reached skill level 5 in Hexes
 12471 | D:11     | Noticed a two-headed ogre
 12619 | D:11     | Learned a level 2 spell: Blink
 12623 | D:11     | Learned a level 3 spell: Dazzling Flash
 12637 | D:11     | Noticed Josephine
 12810 | D:11     | Killed from afar by Josephine
 12976 | D:12     | Reached skill level 16 in Stealth
 13139 | D:12     | Reached skill level 1 in Conjurations
 13143 | D:12     | Noticed Azrael
 13209 | D:11     | Killed a two-headed ogre
 13952 | D:12     | Noticed a sixfirhy
 14148 | D:11     | Killed Josephine
 14295 | D:10     | Bought a scroll of noise for 15 gold pieces
 14295 | D:10     | Bought a scroll of identify for 30 gold pieces
 14365 | Lair:1   | Entered Level 1 of the Lair of Beasts
 14368 | Lair:1   | You fall into a shaft and drop 1 floor!
 14373 | Lair:2   | Learned a level 3 spell: Swiftness
 14450 | Lair:1   | Gained mutation: Your thick and shaggy fur keeps you warm.
                  | (AC +3, rC+) [Felid growth]
 14450 | Lair:1   | Reached XP level 12. HP: 57/57 MP: 20/20
 14550 | Lair:1   | Reached skill level 5 in Spellcasting
 14966 | Lair:1   | Bought a potion of curing for 39 gold pieces
 15013 | Lair:1   | Identified the ring of Wifutuch {rF+ rC+ rCorr Str+4 Dex-5}
 15124 | Lair:1   | Noticed a boulder beetle
 15168 | Lair:1   | Killed a boulder beetle
 15169 | Lair:1   | Reached skill level 17 in Stealth
 16454 | Lair:2   | Noticed a seven-headed hydra
 16481 | Lair:2   | HP: 2/58 [seven-headed hydra (11)]
 16481 | Lair:2   | Mangled by a seven-headed hydra

Illustrated notes

Levels and vault maps discovered:
D:1:      matt_arrival_diagonals, layout_basic
D:2:      layout_rooms
D:3:      layout_basic, nicolae_yredelemnul_ghost_church, nicolae_the_louvre
D:4:      minmay_skewed_foursquare, layout_layer_cave, lemuel_crystal_altar,
          minmay_puff
D:5:      layout_cave_pods, evilmike_ruin_ashenzari, grunt_ministairs_1
D:6:      layout_layer_cave, mainiacjoe_overflow_alcove_2, nicolae_half_adder,
          uniq_grinder
D:7:      layout_gridville, minmay_temple_entry_glass
D:8:      layout_loops_corners, uniq_maurice, uniq_pikel
D:9:      layout_basic, gammafunk_ghost_stat_death
D:10:     layout_basic, serial_shops, nicolae_shop_drivethru
D:11:     layout_rooms, david_lair_generic, special_room [special_room_bee],
          lemuel_nasty_fountain, uniq_josephine
D:12:     layout_irregular_city, david_orc_2, portal_ice_cave_rime, uniq_azrael
Temple:   mainiacjoe_temple_bowtie_tessellation
Lair:1:   layout_regular_city, kennysheep_abandoned_house
Lair:2:   layout_long_grid, minmay_swamp_entry_worms,
          nicolae_spider_entry_lesser_pyramids, chequers_serial_rivers_large_b,
          grunt_forest_stairs_clearing

Skill      XL: |  1  2  3  4  5  6  7  8  9 10 11 12 |
---------------+-------------------------------------+-----
Dodging        | 3 4 5 6 8 9 11 12 | 12.3
Stealth        | 7 8 9 10 13 15 16 17 | 17.2
Unarmed Combat | 3 4 5 6 7 8 9 |  9.6
Fighting       | 4 5 6 7 8 9 |  9.9
Hexes          | 3 7 9 |  9.3
Spellcasting   | 2 4 5 |  5.7
Conjurations   | 2 3 |  3.0

Action                     |  1- 3 |  4- 6 |  7- 9 | 10-12 || total
---------------------------+-------+-------+-------+-------++-------
  Melee: Unarmed           |     7 |   112 |   462 |   602 ||  1183
         Bite              |       |     9 |    67 |    88 ||   164
         Punch             |       |     1 |    10 |    46 ||    57
   Cast: Confusing Touch   |       |       |       |    94 ||    94
         Apportation       |       |       |       |     4 ||     4
         Blink             |       |       |       |     1 ||     1
 Invoke: Potion Petition   |       |       |       |     1 ||     1
         Call Merchant     |       |       |       |     1 ||     1
  Evoke: Wand              |     3 |     3 |    23 |    27 ||    56
    Use: Scroll            |       |     2 |    13 |    16 ||    31
         Potion            |       |     2 |     2 |     5 ||     9
   Stab: Sleeping          |     1 |    22 |    28 |    15 ||    66
         Distracted        |       |       |     2 |     2 ||     4
         Confused          |       |       |       |    50 ||    50
 Armour: Skin              |     4 |    29 |   116 |   136 ||   285
  Dodge: Dodged            |     5 |    86 |   361 |   659 ||  1111

Table legend: (Time is in decaauts)
 A = Elapsed time spent in this place.
 B = Non-inter-level travel time spent in this place.
 C = Inter-level travel time spent in this place.
 D = Time resting spent in this place.
 E = Time spent auto-exploring this place.
 F = Levels seen in this place.
 G = Mean time per level.
                   A        B        C        D        E       F      G
               +--------+--------+--------+--------+--------+-----+--------+
         Total |  14299 |  13771 |    528 |   3783 |   6101 |  15 |  953.3 |
       Dungeon |  12391 |  11908 |    483 |   3229 |   5431 |  12 | 1032.6 |
        Temple |     30 |      1 |     29 |      0 |      0 |   1 |   30.0 |
          Lair |   1878 |   1863 |     15 |    554 |    670 |   2 |  939.0 |
               +--------+--------+--------+--------+--------+-----+--------+

Top non-repeatable levels by time:
    D:11: 2357 daAuts
     D:6: 1786 daAuts
  Lair:1: 1730 daAuts
     D:4: 1364 daAuts
    D:10: 1203 daAuts
     D:5: 1143 daAuts
     D:8: 870 daAuts
     D:7: 803 daAuts
     D:1: 762 daAuts
     D:9: 697 daAuts
     D:3: 665 daAuts
     D:2: 420 daAuts
    D:12: 315 daAuts
  Lair:2: 148 daAuts
  Temple: 30 daAuts
